 Dungeon Crawl Stone Soup version 0.28.0-53-g5a82cb258f (webtiles) character file.

Game seed: 6543468855439273300

3520 Theotherone the Cleaver (level 9, -3/70 HPs)
             Began as a Minotaur Fighter on May 29, 2022.
             Was an Elder of Cheibriados.
             Slain by a gnoll sergeant
             ... wielding a +0 trident
              (7 damage)
             ... on level 8 of the Dungeon.
             The game lasted 00:20:12 (7411 turns).

Theotherone the Cleaver (Minotaur Fighter)          Turns: 7411, Time: 00:20:12

Health: -3/70      AC: 11    Str: 35    XL:     9   Next: 81%
Magic:  8/8        EV:  5    Int: 15    God:    Cheibriados [****..]
Gold:   299        SH: 20    Dex: 20    Spells: 8/8 levels left

rFire   . . .      SeeInvis .   a - +2 war axe (spect)
rCold   . . .      Faith    .   q - +2 tower shield
rNeg    . . .      Spirit   .   l - +0 plate armour
rPois   .          Reflect  .   (helmet restricted)
rElec   .          Harm     .   (no cloak)
rCorr   .          Rampage  .   (no gloves)
Will    .....                   (no boots)
Stlth   ..........              (no amulet)
HPRegen 0.21/turn               (no ring)
MPRegen 0.11/turn               (no ring)

@: very slow
A: horns 2, retaliatory headbutt
a: Renounce Religion, Bend Time, Temporal Distortion, Slouch


You were on level 8 of the Dungeon.
You worshipped Cheibriados.
Cheibriados was greatly pleased with you.
You visited 1 branch of the dungeon, and saw 8 of its levels.

You collected 339 gold pieces.
You spent 40 gold pieces at shops.

Inventory:

Hand Weapons
 a - a +2 spectral war axe (weapon)
 i - a +3 flail of protection
 s - a +0 whip of flaming
Armour
 b - a +0 scale mail
 c - a +0 buckler
 l - a +0 plate armour (worn)
 q - a +2 tower shield (worn)
Jewellery
 p - a ring of ice
 r - a ring of wizardry
Wands
 g - a wand of iceblast (16)
 m - a wand of flame (16)
 u - a wand of acid (15)
Scrolls
 k - 6 scrolls of identify {@r1}
Potions
 d - a potion of might
 e - 2 potions of attraction {unknown}
 f - 3 potions of heal wounds {unknown}
 h - 2 potions of lignification {unknown}
 j - 4 potions of degeneration {unknown}
 n - a potion of cancellation {unknown}
 o - 2 potions of flight {unknown}
 t - a potion of invisibility {unknown}
 v - a potion of berserk rage {unknown}
 w - a potion of brilliance {unknown}


   Skills:
 - Level 3.6 Fighting
 + Level 13.7 Axes
 - Level 1.0(8.9) Polearms
 - Level 3.6 Armour
 + Level 10.3 Shields


You had 8 spell levels left.
You didn't know any spells.
Your spell library contained the following spells:

 Spells                   Type           Power      Damage    Failure   Level
 Animate Skeleton         Necr           0%         N/A       100%        1
 Magic Dart               Conj           0%         1d3       100%        1
 Pain                     Necr           0%         1d4       100%        1
 Shock                    Conj/Air       0%         1d3       100%        1
 Blink                    Tloc           0%         N/A       100%        2
 Call Imp                 Summ           0%         N/A       100%        2
 Ensorcelled Hibernation  Hex/Ice        0%         N/A       100%        2
 Passwall                 Tmut/Erth      0%         N/A       100%        2
 Confusing Touch          Hex            0%         N/A       100%        3
 Lesser Beckoning         Tloc           0%         N/A       100%        3
 Mephitic Cloud           Conj/Pois/Air  0%         N/A       100%        3
 Swiftness                Air            0%         N/A       100%        3
 Vampiric Draining        Necr           0%         2d6       100%        3
 Airstrike                Air            0%         N/A       100%        4
 Manifold Assault         Tloc           0%         N/A       100%        5
 Yara's Violent Unravell  Hex/Tmut       0%         3d3       100%        5
 Enfeeble                 Hex            0%         N/A       100%        7


Dungeon Overview and Level Annotations

Branches:
Dungeon (8/15)             Temple (0/1) D:7
   Lair: D:8-11

Altars:
Cheibriados
Ru

Shops:
D:2 ?


Innate Abilities, Weirdness & Mutations

You have a pair of horns on your head.
You reflexively headbutt those who attack you in melee.


Message History

Your +2 spectral war axe hits the orc warrior.
You block the gnoll sergeant's attack. You block the orc warrior's attack.
You slash the orc warrior! You headbutt the orc warrior.
The orc warrior is heavily wounded.
Your +2 spectral war axe closely misses the orc warrior.
You block the orc warrior's attack.
The gnoll sergeant hits you but does no damage.
You barely miss the orc warrior.
The orc warrior is heavily wounded.
Your +2 spectral war axe hits the orc warrior!
The orc warrior hits your +2 spectral war axe with a +0 long sword!!
Your spectral weapon shares its damage with you!
The gnoll sergeant hits you from afar with a +0 trident.
You slash the orc warrior!
You kill the orc warrior!
Cheibriados thoroughly appreciates the change of pace.
You hear the faint creaking of a very distant portcullis.
You block the gnoll sergeant's attack.
You barely miss the hornet zombie. You headbutt the hornet zombie.
The hornet zombie is lightly damaged.
Your +2 spectral war axe hits the hornet zombie.
You block the hornet zombie's attack.
The gnoll sergeant hits you from afar with a +0 trident!
* * * LOW HITPOINT WARNING * * *
You block the hornet zombie's attack.
You hit the hornet zombie.
The hornet zombie is moderately damaged.
Your +2 spectral war axe closely misses the hornet zombie.
The gnoll sergeant hits you from afar with a +0 trident!
* * * LOW HITPOINT WARNING * * *
The hornet zombie barely misses you.
You slash the hornet zombie! Your headbutt misses the hornet zombie.
The hornet zombie is heavily damaged.
Your +2 spectral war axe hits the hornet zombie!
The gnoll sergeant hits you from afar with a +0 trident.
* * * LOW HITPOINT WARNING * * *
The hornet zombie hits you.
* * * LOW HITPOINT WARNING * * *
The gnoll sergeant hits you from afar with a +0 trident!
You die...

#######
######(....#
#...gZ@#.#.#
#.##.#.....#
#.##.#.#.#.#
#..cZ#.....# ##
######'##......
Yc#......#.....
.oY#.#..#.#....#
.. #......#....#
#......#....####


You could see a gnoll sergeant, a hornet zombie and a friendly +2 spectral war
axe (summoned).

Vanquished Creatures
  Pikel (D:6)
  Grinder (D:4)
  2 vampire mosquitoes (D:6)
  2 steam dragons
  Edmund (D:6)
  A water moccasin (D:6)
  Duvessa (D:6)
  A black bear (D:7)
  An ice beast (D:6)
  An orc warrior (D:8)
  A necrophage (D:4)
  A centaur (D:8)
  3 ogres
  A lemure (D:6)
  A phantom (D:6)
  A bullfrog (D:7)
  A wyvern zombie (D:8)
  5 scorpions
  A wyvern skeleton (D:7)
  Dowan (D:6)
  A howler monkey (D:6)
  2 hounds
  4 centaur zombies
  3 jellies
  A bullfrog zombie (D:5)
  2 gnoll shamans
  A bullfrog skeleton (D:6)
  A centaur skeleton (D:7)
  An iguana (D:4)
  5 orc wizards
  A howler monkey zombie (D:6)
  5 gnolls (D:3)
  2 howler monkey skeletons
  4 adders
  A white imp (D:6)
  2 ufetubi (D:7)
  An adder skeleton (D:4)
  A dart slug (D:4)
  12 orcs
  A ball python (D:1)
  2 bats
  3 endoplasms
  4 giant cockroaches
  7 goblins
  4 hobgoblins
  7 jackals
  4 quokkas
  2 frilled lizards
  A goblin zombie (D:6)
  4 kobolds
  7 rats (D:1)
  A rat zombie (D:6)
125 creatures vanquished.

Notes
Turn   | Place    | Note
-------+----------+-------------------------------------------
     0 | D:1      | Theotherone the Minotaur Fighter began the quest for the
                  | Orb.
     0 | D:1      | Reached XP level 1. HP: 19/19 MP: 0/0
   142 | D:1      | Reached skill level 1 in Polearms
   187 | D:1      | Reached skill level 3 in Axes
   187 | D:1      | Reached XP level 2. HP: 10/26 MP: 1/1
   477 | D:1      | Found a faded altar of an unknown god.
   530 | D:1      | Prayed at the altar of an unknown god.
   530 | D:1      | Became a worshipper of Cheibriados the Contemplative
   530 | D:1      | Reached * piety under Cheibriados
  1318 | D:2      | Found Oxykk's Magic Scroll Shoppe.
  1323 | D:2      | Reached skill level 4 in Axes
  1323 | D:2      | Reached XP level 3. HP: 31/31 MP: 2/2
  1326 | D:2      | Bought a scroll of identify for 20 gold pieces
  1326 | D:2      | Bought a scroll of identify for 20 gold pieces
  1882 | D:3      | Found a sacrificial altar of Ru.
  2004 | D:3      | Reached ** piety under Cheibriados
  2005 | D:3      | Reached skill level 5 in Axes
  2005 | D:3      | Reached XP level 4. HP: 39/39 MP: 3/3
  2015 | D:3      | Reached skill level 6 in Axes
  2646 | D:4      | Noticed Grinder
  2652 | D:4      | Paralysed by Grinder for 6 turns
  2660 | D:4      | Killed Grinder
  2661 | D:4      | Reached skill level 8 in Axes
  2661 | D:4      | Reached XP level 5. HP: 16/45 MP: 4/4
  2661 | D:4      | Reached XP level 6. HP: 18/51 MP: 5/5
  3260 | D:4      | Reached skill level 9 in Axes
  3260 | D:4      | Reached XP level 7. HP: 57/57 MP: 6/6
  4242 | D:5      | Entered Level 5 of the Dungeon
  4448 | D:5      | Reached skill level 10 in Axes
  4801 | D:5      | Reached *** piety under Cheibriados
  5591 | D:6      | Noticed Edmund
  5596 | D:6      | Killed Edmund
  5597 | D:6      | Reached skill level 5 in Shields
  5597 | D:6      | Reached XP level 8. HP: 51/64 MP: 7/7
  5678 | D:6      | Reached skill level 11 in Axes
  5698 | D:6      | Noticed Dowan
  5699 | D:6      | Noticed Duvessa
  5699 | D:6      | Noticed Pikel
  5710 | D:6      | Killed Pikel
  5714 | D:6      | Killed Duvessa
  5715 | D:6      | Killed Dowan
  5718 | D:6      | Reached skill level 12 in Axes
  6010 | D:6      | Reached XP level 9. HP: 70/70 MP: 8/8
  6717 | D:7      | Reached **** piety under Cheibriados
  6826 | D:7      | Reached skill level 13 in Axes
  6918 | D:7      | Found a staircase to the Ecumenical Temple.
  7381 | D:8      | Noticed a brown ugly thing
  7386 | D:8      | Reached skill level 10 in Shields
  7411 | D:8      | Slain by a gnoll sergeant

Illustrated notes

Levels and vault maps discovered:
D:1:      dpeg_arrival_ratfight, layout_basic,
          hellmonk_ecumenical_altar_lost_god, minivault_11, minmay_unequal
D:2:      layout_rooms, serial_shops, shop, glass_columns_c,
          cheibrodos_gnoll_hut
D:3:      layout_basic, nicolae_ru_sacrificial_ziggurat
D:4:      layout_gridville, roderic_serpentine_path, kennysheep_generic_room_12,
          uniq_grinder
D:5:      layout_loops_ring
D:6:      wad_crossroads, layout_basic, enter_ossuary_4,
          minmay_misc_feat_secret_circle, hangedman_decor_growths, uniq_duvessa,
          uniq_pikel, uniq_edmund
D:7:      layout_rooms, temple_pool_b, serial_glass, glass_columns_a,
          glass_columns_b
D:8:      minmay_clustersquares, layout_basic, nicolae_uskayaw_en_pointe,
          enter_bailey_3

Skill      XL: |  1  2  3  4  5  6  7  8  9 |
---------------+----------------------------+-----
Polearms       | 1 |  1.0
Axes           | 3 4 5 8 9 10 12 13 | 13.7
Shields        | 5 7 10 | 10.3
Fighting       | |  3.6
Armour         | |  3.6

Action                   |  1- 3 |  4- 6 |  7- 9 || total
-------------------------+-------+-------+-------++-------
Melee: War axe           |    62 |    39 |   152 ||   253
       Headbutt          |    10 |     9 |    32 ||    51
  Use: Scroll            |       |       |     7 ||     7
Armor: Scale mail        |    32 |    10 |    17 ||    59
       Plate armour      |       |       |    34 ||    34
Dodge: Dodged            |    45 |    24 |    20 ||    89
Block: Buckler           |    16 |     4 |     3 ||    23
       Tower shield      |       |       |   150 ||   150
